[Event "*** Titled Tuesday Blitz"]
[Site "Chess.com"]
[Date "2019.10.01"]
[Round "2"]
[White "NiranjanNavalgund"]
[Black "ecwinslow"]
[Result "1-0"]
[WhiteElo "2423"]
[BlackElo "2077"]
[TimeControl "180+2"]
[EndTime "13:22:23 PDT"]
[Termination "NiranjanNavalgund won by resignation"]

1. Nf3 g6 2. d4 Bg7 3. g3 d6 4. Bg2 Nf6 5. O-O O-O 6. a4 Nbd7 7. Nc3 e5 8. a5 a6 9. e4 exd4 10. Nxd4 Re8 11. Re1 Nc5 12. h3 Bd7 13. Kh2 h5 14.
Bf4 Ne6 15. Nxe6 Bxe6 16. Qd2 Qd7 17. Nd5 Bxd5 18. exd5 Rxe1 19. Rxe1 Re8 20. Rxe8+ Qxe8 21. Bf3 Qb5 22. b3 Nd7 23. Be2 Qc5 24. Be3 Qa3 25. Kg2 Qa1 26. Qb4 Bc3 27. Qxb7 Qxa5 28. Qc8+ Nf8 29.
Qxa6 Qxd5+ 30. Bf3 Qe6 31. Qc6 Ba5 32. Bd5 Qe7 33.
c4 Kg7 34. Bd4+ f6 35. Qb7 Ne6 36. Be3 Bc3 37. Qc8 Kf7 38. Qh8 Be5 39. Qh7+ Ke8 40. Qxg6+ Kd7 41. Qxh5 Bd4 42. Bxd4 Nxd4 43. Qg4+ Ne6 44.
h4 c6 45. Qxe6+ Qxe6 46. Bxe6+ Kxe6 47. Kf3 Kf5 48. g4+ Kg6 49. Kf4 1-0

[Event "*** Titled Tuesday Blitz"]
[Site "Chess.com"]
[Date "2019.10.01"]
[Round "2"]
[White "Samantha_Ross"]
[Black "IvanRadivojevic"]
[Result "0-1"]
[WhiteElo "2055"]
[BlackElo "2422"]
[TimeControl "180+2"]
[EndTime "13:22:25 PDT"]
[Termination "IvanRadivojevic won by checkmate"]

1. c4 e5 2. Nf3 Nc6 3. d4 exd4 4.
Nxd4 Nxd4 5. Qxd4 Ne7 6. e4 Nc6 7. Qd3 Bb4+ 8. Nc3 O-O 9. Be2 d6 10. O-O Be6 11. a3 Ne5 12. Qc2 Ba5 13. b4 Bb6 14.
Nd5 Bd4 15. Rb1 c6 16. Ne3 Re8 17. Rd1 Qb6 18. Bf1 Rad8 19. h3 a6 20. Nf5 Bxf5 21. exf5 Qa7 22. Bg5 f6 23. Bf4 c5 24. b5 axb5 25.
Rxb5 Nc6 26. Rdb1 Re7 27. Qb3 Rdd7 28. Qf3 Be5 29. Be3 Nd4 30. Qd5+ Kh8 31. Rb6 h6 32.
Bd3 Qxa3 33. Be4 Bf4 34. Bxd4 cxd4 35. Qxd4 Be5 36. Qd5 Qc3 37. Rxb7 Rxb7 38. Rxb7 Qe1# 0-1

[Event "*** Titled Tuesday Blitz"]
[Site "Chess.com"]
[Date "2019.10.01"]
[Round "2"]
[White "2165149677570"]
[Black "jedipredator"]
[Result "1-0"]
[WhiteElo "2297"]
[BlackElo "2509"]
[TimeControl "180+2"]
[EndTime "13:22:28 PDT"]
[Termination "2165149677570 won by resignation"]

1. e4 e5 2. Nf3 Nc6 3. Bb5 a6 4. Ba4 Nf6 5. O-O Be7 6. Re1 b5 7. Bb3 O-O 8. d4 d6 9. c3 Bg4 10. d5 Na5 11. Bc2 c6 12. Nbd2 cxd5 13. exd5 Nxd5 14.
Be4 Be6 15. Nb3 Nxb3 16. axb3 Nf6 17. Bxa8 Qxa8 18. Bg5 Rd8 19. Nd2 h6 20. Bxf6 Bxf6 21. Ne4 Be7 22. b4 f5 23. Nd2 Bf6 24. Qf3 Bd5 25.
Qxf5 Bxg2 26. f3 Bg5 27. Ne4 Bxf3 28. Qxf3 Rf8 29. Qg4 Rf4 30. Qe6+ Kh8 31. Nxg5 hxg5 32. Re3 g4 33. Qxd6 Rf3 34. Qxe5 Qa7 35. Re1 g3 36.
Qe8+ Kh7 37. Qh5+ Kg8 38. Qxf3 1-0

[Event "*** Titled Tuesday Blitz"]
[Site "Chess.com"]
[Date "2019.10.01"]
[Round "2"]
[White "ChessLover0108"]
[Black "Caisachess"]
[Result "1-0"]
[WhiteElo "2725"]
[BlackElo "2352"]
[TimeControl "180+2"]
[EndTime "13:22:30 PDT"]
[Termination "ChessLover0108 won by resignation"]

1. d4 Nf6 2. c4 e6 3. Nf3 d5 4.
Nc3 c5 5. cxd5 Nxd5 6. e4 Nxc3 7. bxc3 cxd4 8. cxd4 Bb4+ 9. Bd2 Bxd2+ 10. Qxd2 O-O 11. Bc4 b6 12. O-O Bb7 13. Rfe1 Nd7 14. Rad1 Nf6 15.
Qf4 Rc8 16. Bb3 Nh5 17. Qe5 g6 18. d5 exd5 19. exd5 Re8 20. Qd4 Rxe1+ 21. Rxe1 Qd6 22. h3 Rd8 23. Ne5 Re8 24. Re3 Ng7 25. Ng4 Rxe3 26.
Nh6+ Kf8 27. fxe3 f6 28. e4 Ke7 29. Ng8+ Kf7 30. Nxf6 Qxf6 31. e5 Qd8 32. d6+ Ke8 33.
e6 Nxe6 34. Bxe6 1-0

[Event "*** Titled Tuesday Blitz"]
[Site "Chess.com"]
[Date "2019.10.01"]
[Round "2"]
[White "kacprekt"]
[Black "SantoBlue"]
[Result "1/2-1/2"]
[WhiteElo "2389"]
[BlackElo "2832"]
[TimeControl "180+2"]
[EndTime "13:22:32 PDT"]
[Termination "Game drawn by repetition"]

1. d4 Nf6 2. c4 e6 3. Nc3 d5 4. cxd5 exd5 5. Bg5 h6 6. Bxf6 Qxf6 7.
Nxd5 Qd8 8. Nc3 Be7 9. e3 O-O 10. Nf3 c5 11. dxc5 Nd7 12. Bb5 a6 13. Ba4 Nxc5 14.
Qxd8 Rxd8 15. Bc2 b5 16. a3 Bb7 17. Ke2 Bf6 18. Rhd1 a5 19. Rxd8+ Rxd8 20. Rd1 Rc8 21. Nxb5 Ba6 22. a4 Bxb2 23. Nd4 Bxd4 24. exd4 Nxa4 25. Bxa4 Rc4 26. Nc7 Rxc7+ 27. Ke3 Rc3+ 28. Kf4 Rc4 29. Bb3 Rb4 30. Ba2 Rb2 31. Bd5 Rxf2+ 32. Kg3 Rb2 33. Ra1 Rd2 34. Rxa5 Bf1 35. Ra2 Rxd4 36. Bxf7+ Kh7 37. h3 g5 38. Rf2 Ba6 39. Bh5 Bc4 40.
Kh2 Kg7 41. Kg3 Rh4 42. Bf3 Bf7 43. Kh2 Rf4 44. Rb2 h5 45. Rb5 Kf6 46. Rb6+ Kg7 47. Rb5 Kh6 48. Rb6+ Bg6 49. Be2 Rd4 50. Rc6 h4 51. Rc4 Rd2 52. Bf3 Bf5 53. Rc6+ Kg7 54. Rc7+ Kf6 55. Rc6+ Ke5 56. Rc5+ Kf4 57. Rc4+ Ke3 58.
Rc5 Kf4 59. Rc4+ Ke5 60. Rc5+ Kf6 61. Rc6+ Kg7 62. Rc5 Kg6 63. Rc6+ Kf7 64. Rc5 Ke6 65. Rc6+ Ke5 66. Rc5+ 1/2-1/2

[Event "*** Titled Tuesday Blitz"]
[Site "Chess.com"]
[Date "2019.10.01"]
[Round "2"]
[White "riconaipe"]
[Black "Duhless"]
[Result "0-1"]
[WhiteElo "2623"]
[BlackElo "3015"]
[TimeControl "180+2"]
[EndTime "13:22:33 PDT"]
[Termination "Duhless won by resignation"]

1. d4 Nf6 2. c4 g6 3. Nc3 Bg7 4. e4 d6 5. Nge2 O-O 6. f3 c6 7.
Be3 Nbd7 8. Qd2 a6 9. a4 e5 10. d5 Nc5 11. Nc1 a5 12. Be2 Nh5 13. O-O Nf4 14.
g3 Nxe2+ 15. Qxe2 f5 16. Ra3 Nd7 17. Nd3 c5 18. Nb5 Ra6 19. Qd2 Nb6 20. b3 Nd7 21.
Ra2 Rf7 22. Qg2 Nf6 23. Nf2 f4 24. gxf4 Bh6 25. Ng4 Nxg4 26. fxg4 exf4 27. Raf2 g5 28. Bd2 Bg7 29. Bc3 Bxc3 30. Nxc3 Qf6 31. Qf3 Qe5 32. Re2 Bd7 33. Nd1 Ra8 34. h3 Re8 35. Qc3 Qxc3 36.
Nxc3 h5 37. Rg2 hxg4 38. hxg4 Rh7 39. Rf3 Rh4 40. Nb5 Rxe4 41. Nxd6 Re1+ 42. Kf2 Rhh1 0-1

[Event "*** Titled Tuesday Blitz"]
[Site "Chess.com"]
[Date "2019.10.01"]
[Round "2"]
[White "PotapovaM"]
[Black "Perecke"]
[Result "1-0"]
[WhiteElo "2440"]
[BlackElo "2108"]
[TimeControl "180+2"]
[EndTime "13:22:34 PDT"]
[Termination "PotapovaM won by resignation"]

1. d4 d5 2. c4 e6 3. Nc3 Nf6 4.
Nf3 Be7 5. Bf4 O-O 6. e3 Nbd7 7. h3 c6 8. c5 Ne4 9. Nxe4 dxe4 10. Nd2 f5 11. Be2 e5 12. Bxe5 Nxe5 13. dxe5 Bxc5 14. O-O Qe7 15. Nc4 Be6 16. Qc2 Rfd8 17. a3 b5 18. Na5 Rac8 19. b4 Bb6 20. Nxc6 Qe8 21. Bxb5 a6 22.
Ba4 Bd7 23. Rac1 Bxc6 24. Bxc6 Qxe5 25. Rfd1 Rxd1+ 26. Rxd1 Qe6 27. Bd5 Rxc2 28. Bxe6+ Kf8 29. Bxf5 Rc3 30. Bxe4 Rxa3 31. Rb1 Rc3 32. Bb7 Ra3 33. g3 Bc7 34. Rc1 Bd6 35. Rc6 Bxb4 36. Bxa6 Ra1+ 37.
Kg2 Ra2 38. Bc4 Be1 39. Bxa2 1-0

[Event "*** Titled Tuesday Blitz"]
[Site "Chess.com"]
[Date "2019.10.01"]
[Round "2"]
[White "johnathan113"]
[Black "VincentKeymer"]
[Result "1-0"]
[WhiteElo "2708"]
[BlackElo "2393"]
[TimeControl "180+2"]
[EndTime "13:22:39 PDT"]
[Termination "johnathan113 won by resignation"]

1. e4 e6 2. d4 d5 3. Nc3 dxe4 4. Nxe4 Nd7 5. Nf3 Ngf6 6. Nxf6+ Nxf6 7. g3 c5 8. Bg2 Bd7 9. Ne5 Qb6 10. Be3 Rd8 11.
a4 cxd4 12. Bxd4 Bc5 13. Bxc5 Qxc5 14. Nd3 Qc7 15. O-O O-O 16. Qe2 Bc6 17. Rfd1 Bxg2 18. Kxg2 Nd5 19. c3 Rfe8 20. Rd2 Nb6 21. Rdd1 e5 22. a5 Nd5 23. Qe4 Nf6 24. Qe3 Rd5 25. Qxa7 Red8 26. a6 e4 27. Nb4 Rxd1 28. Rxd1 Rxd1 29.
axb7 Rd8 30. Na6 Qc6 31. b8=Q e3+ 32. f3 Rxb8 33. Qxb8+ Ne8 34. Nc7 Kf8 35. Qxe8+ Qxe8 36. Nxe8 Kxe8 37. Kf1 1-0

[Event "*** Titled Tuesday Blitz"]
[Site "Chess.com"]
[Date "2019.10.01"]
[Round "2"]
[White "kreonx"]
[Black "sofaceindisguise"]
[Result "1-0"]
[WhiteElo "2213"]
[BlackElo "2624"]
[TimeControl "180+2"]
[EndTime "13:22:40 PDT"]
[Termination "kreonx won by resignation"]

1. e4 c5 2. Nc3 d6 3. g3 g6 4. Bg2 Bg7 5. d3 Nc6 6. Be3 Rb8 7. Qd2 b5 8. f4 b4 9. Nd1 e6 10. Nf3 Nge7 11. O-O O-O 12. g4 f5 13. exf5 exf5 14. g5 Be6 15. d4 c4 16. Bf2 Nd5 17.
c3 a5 18. Re1 Bf7 19. Bg3 Re8 20. Ne3 Nxe3 21. Rxe3 Rxe3 22. Qxe3 Bd5 23. Nd2 Bxg2 24. Kxg2 d5 25. Qe6+ Kh8 26. Qxc6 bxc3 27. bxc3 Rb2 28. Be1 Qe7 29. Qxd5 Qe2+ 30. Kg1 h5 31. Qg2 Qe3+ 32. Qf2 Qxc3 33. Kh1 Bxd4 34. Qe2 Qd3 35. Qxd3 cxd3 36. Nb3 Be3 37. Bxa5 Bxf4 38. Bc3+ Kh7 39. Bxb2 Bxg5 40. Rd1 Bf6 41. Bxf6 1-0

[Event "*** Titled Tuesday Blitz"]
[Site "Chess.com"]
[Date "2019.10.01"]
[Round "2"]
[White "harvsp123"]
[Black "HanSchut"]
[Result "1-0"]
[WhiteElo "2480"]
[BlackElo "2197"]
[TimeControl "180+2"]
[EndTime "13:22:40 PDT"]
[Termination "harvsp123 won by resignation"]

1. d4 Nf6 2. c4 g6 3. Nc3 d5 4.
cxd5 Nxd5 5. e4 Nxc3 6. bxc3 Bg7 7. Nf3 c5 8. h3 O-O 9. Be2 cxd4 10. cxd4 Nc6 11.
Be3 Qa5+ 12. Bd2 Qa3 13. d5 Ne5 14. Rb1 Nxf3+ 15. Bxf3 b6 16. O-O Ba6 17. Bb4 Qxa2 18. Re1 Rfe8 19. e5 Qc4 20. d6 Rad8 21. Be2 Qc8 22. Rc1 Qb7 23. Rc7 Qxc7 24. dxc7 Rxd1 25. Rxd1 Rc8 26. Rd8+ Bf8 27. Bxa6 Rxc7 28. Kh2 Kg7 29. f4 Rc2 30. Rd7 Rb2 31. Bxe7 Bxe7 32. Rxe7 Rb4 33. Kg3 Rb3+ 34. Kf2 Rb4 35. g3 Rb2+ 36.
Ke3 Rb3+ 37. Ke4 Rb4+ 38. Ke3 Rb3+ 39. Kd4 Kf8 40. Rxa7 Rxg3 41. Bc4 Rxh3 42. Rxf7+ Ke8 43. e6 Rh4 44. Bb5+ Kd8 45. e7+ 1-0

[Event "*** Titled Tuesday Blitz"]
[Site "Chess.com"]
[Date "2019.10.01"]
[Round "2"]
[White "platy3"]
[Black "Faustregel"]
[Result "1-0"]
[WhiteElo "2855"]
[BlackElo "2565"]
[TimeControl "180+2"]
[EndTime "13:22:42 PDT"]
[Termination "platy3 won by resignation"]

1. e4 c5 2. Nf3 e6 3. d4 cxd4 4.
Nxd4 Nf6 5. Nc3 Bb4 6. e5 Ne4 7. Qg4 Nxc3 8. a3 Bf8 9. bxc3 Qc7 10. Qg3 Nc6 11. Nb5 Qa5 12. Bd2 a6 13. c4 Qd8 14.
Nd6+ Bxd6 15. exd6 Qf6 16. Bc3 e5 17. c5 O-O 18. Rd1 b5 19. cxb6 Bb7 20. Bd3 Nd4 21.
O-O Rfc8 22. Bxd4 exd4 23. Qh3 g6 24. Qxd7 Bc6 25. Qe7 Qxe7 26. dxe7 Re8 27. Rfe1 Rab8 28. Bxa6 Rxb6 29. Bc4 Rb7 30. Rxd4 Rexe7 31. Rxe7 Rxe7 32. f3 Kg7 33. Kf2 h5 34. Bd5 Bb5 35. c4 Bd7 36.
c5 f5 37. c6 Bc8 38. f4 Kf6 39. Bf3 Rc7 40. Rd6+ Kg7 41. Kg3 Kf7 42. Kh4 Be6 43.
Kg5 Ke7 44. Rd3 Bf7 45. Rd7+ Rxd7 46. cxd7 Kxd7 47. Kf6 Be8 48. a4 Kc7 49. a5 h4 50.
Ke7 Bb5 51. Kf7 g5 52. fxg5 f4 53. g6 h3 54. gxh3 Bc6 55. Bxc6 Kxc6 56. g7 1-0

[Event "*** Titled Tuesday Blitz"]
[Site "Chess.com"]
[Date "2019.10.01"]
[Round "2"]
[White "monalize"]
[Black "GHANDEEVAM2003"]
[Result "0-1"]
[WhiteElo "2399"]
[BlackElo "2984"]
[TimeControl "180+2"]
[EndTime "13:22:43 PDT"]
[Termination "GHANDEEVAM2003 won on time"]

1. e4 c5 2. Nf3 Nc6 3. d4 cxd4 4. Nxd4 Nf6 5. Nc3 e5 6. Ndb5 d6 7. Bg5 a6 8. Bxf6 gxf6 9. Na3 b5 10. Nd5 f5 11. c4 fxe4 12. cxb5 Nd4 13. Nc4 axb5 14. Ncb6 Bh6 15. Nxa8 e3 16. Nac7+ Kf8 17. fxe3 Qh4+ 18.
g3 Qe4 19. Rg1 Nc2+ 20. Kf2 Bxe3+ 21. Nxe3 Qxe3+ 22. Kg2 Bb7+ 23. Nd5 Qe4+ 24. Kh3 Bxd5 25. Bd3 Be6+ 26. g4 Qe3+ 27. Rg3 Qh6+ 28. Kg2 Ne3+ 29. Rxe3 Qxe3 30. Qe2 Qd4 31. h3 h5 32. g5 Rg8 33.
Rf1 Rxg5+ 34. Kh2 Kg7 35. Bxb5 e4 36. b3 Qe5+ 37. Kh1 Bxh3 38. Rg1 Bg4 39. Qf2 Bf3+ 0-1

[Event "*** Titled Tuesday Blitz"]
[Site "Chess.com"]
[Date "2019.10.01"]
[Round "2"]
[White "Kozok"]
[Black "Chigorinetz"]
[Result "1/2-1/2"]
[WhiteElo "2316"]
[BlackElo "2548"]
[TimeControl "180+2"]
[EndTime "13:22:53 PDT"]
[Termination "Game drawn by repetition"]

1. e4 c5 2. Nf3 Nc6 3. Bb5 g5 4. Nxg5 Nf6 5. d3 Rg8 6. O-O Nd4 7. Bc4 d5 8. exd5 b5 9. c3 bxc4 10. cxd4 Qxd5 11. dxc4 Qxd4 12. Qf3 Rb8 13. Rd1 Qxc4 14. Nd2 Qc2 15. Nde4 Rg6 16. Nxf6+ Rxf6 17. Bf4 e5 18. Qd5 Be7 19. Bxe5 Qxf2+ 20. Kh1 Rf5 21. Qc6+ Kf8 22.
Nxh7+ Kg8 23. Qe8+ Kxh7 24. Qh8+ Kg6 25. Qg7+ Kh5 26.
g4+ Kh4 27. Qh6+ Kxg4 28. Rg1+ Kf3 29. Raf1 Bb7 30. Qd2 Bh4 31. Rxf2+ Bxf2 32. Qd3+ Be3 33. Rg2 Rxe5 34. Qe2+ Ke4 35. Qc4+ Bd4 36. h3 Kf4 37.
Qxf7+ Rf5 38. Qc7+ Be5 39. Qxc5 Bxg2+ 40. Kxg2 Rxb2+ 41.
Kf1 Kg3+ 42. Ke1 Rb1+ 43. Ke2 Rb2+ 44. Ke1 Rb1+ 45. Ke2 Rb2+ 46. Ke1 1/2-1/2

[Event "*** Titled Tuesday Blitz"]
[Site "Chess.com"]
[Date "2019.10.01"]
[Round "2"]
[White "German_Bazeev"]
[Black "MathiasWomacka"]
[Result "1-0"]
[WhiteElo "2659"]
[BlackElo "2269"]
[TimeControl "180+2"]
[EndTime "13:22:57 PDT"]
[Termination "German_Bazeev won by resignation"]

1. d4 Nf6 2. Bg5 Ne4 3. h4 c5 4. d5 Qb6 5. Bc1 e6 6. c4 Qb4+ 7. Nd2 Nxd2 8. Bxd2 Qxc4 9. dxe6 fxe6 10. Nh3 Qxh4 11. g3 Qd8 12. Ng5 Be7 13. Nxh7 Kf7 14. e4 d5 15. Qf3+ Kg8 16. Qh5 Nc6 17. Nf6+ Bxf6 18.
Qxh8+ Kf7 19. Qxd8 Nxd8 20. Bg2 Nc6 21. exd5 Nd4 22.
O-O Ne2+ 23. Kh1 Bd7 24. Bf3 Nd4 25. Kg2 Nxf3 26. dxe6+ Bxe6 27. Kxf3 Bd5+ 28. Ke2 Bc4+ 29. Kf3 Bxf1 30. Rxf1 Bxb2 31. Rb1 Bd4 32. Rxb7+ Ke6 33.
Be3 Rf8+ 34. Ke2 Bxe3 35. Kxe3 Kd5 36. Rxg7 Kc4 37. Rxa7 Kc3 38. f4 Re8+ 39. Kf3 c4 40. f5 Kb2 41. g4 c3 42. Rc7 c2 43. f6 Re1 44. g5 Rg1 45. Kf4 c1=Q+ 46. Rxc1 Kxc1 47.
Kf5 Re1 48. f7 1-0

[Event "*** Titled Tuesday Blitz"]
[Site "Chess.com"]
[Date "2019.10.01"]
[Round "2"]
[White "Rsnr"]
[Black "Grebeniuk-S"]
[Result "1-0"]
[WhiteElo "2754"]
[BlackElo "2503"]
[TimeControl "180+2"]
[EndTime "13:22:58 PDT"]
[Termination "Rsnr won by resignation"]

1. d4 f5 2. c4 Nf6 3. Nc3 g6 4. h4 Bg7 5. h5 Nxh5 6. e4 O-O 7.
exf5 Nc6 8. Be3 e5 9. d5 Nd4 10.
fxg6 hxg6 11. Bd3 Qe8 12. Qg4 Nf4 13. Bxf4 exf4+ 14. Kf1 Nf5 15. Re1 Qf7 16. Nf3 d6 17.
Qxf4 Bd7 18. Ng5 Qf6 19. Ne6 Rae8 20. Nxf8 Rxe1+ 21. Kxe1 Qxf8 22. g4 Qe7+ 23. Qe4 Qxe4+ 24. Bxe4 Ne7 25. f3 Be5 26. Kd2 a6 27. b3 g5 28. Kd3 Be8 29. Ne2 Ng6 30. Bxg6 Bxg6+ 31. Ke3 Kg7 32. f4 gxf4+ 33. Nxf4 Bc2 34. Ne6+ Kg6 35. Nxc7 a5 36. Nb5 a4 37. bxa4 Bxa4 38. Nd4 Bd7 39. Rb1 Bxg4 40. Rxb7 Bd1 41. Rb6 Kg5 42. Nf3+ Kf5 43.
Nxe5 Kxe5 44. Rb1 Ba4 45. Rb4 Bd7 46. a4 1-0

[Event "*** Titled Tuesday Blitz"]
[Site "Chess.com"]
[Date "2019.10.01"]
[Round "2"]
[White "IMTominho"]
[Black "SlavenPastar"]
[Result "1-0"]
[WhiteElo "2772"]
[BlackElo "2418"]
[TimeControl "180+2"]
[EndTime "13:22:59 PDT"]
[Termination "IMTominho won on time"]

1. c4 e5 2. g3 Nc6 3. Bg2 g6 4. Nc3 Bg7 5. Nf3 f5 6. d3 Nf6 7. O-O O-O 8. Rb1 a5 9. a3 d6 10. Bg5 h6 11. Bxf6 Qxf6 12. Nd5 Qd8 13. b4 axb4 14. axb4 Ne7 15. b5 g5 16. Nd2 f4 17.
Qb3 Nxd5 18. cxd5 Bg4 19. Bf3 Qd7 20. Rfc1 Rf7 21. b6 cxb6 22. Qxb6 Raf8 23. Bxg4 Qxg4 24. f3 Qh3 25. Ne4 fxg3 26. hxg3 g4 27. fxg4 Qxg4 28. Qe3 h5 29. Rf1 h4 30. Rxf7 Rxf7 31. Nxd6 Rf6 32.
Ne4 Rg6 33. Rxb7 hxg3 34. Rb8+ Kh7 35. Qf3 Qh4 36. Qh1 Qxh1+ 37. Kxh1 g2+ 38. Kg1 Bh6 39. Nf2 Be3 40. Rf8 Kg7 41. Rf3 Kg8 42. Rxe3 1-0

[Event "*** Titled Tuesday Blitz"]
[Site "Chess.com"]
[Date "2019.10.01"]
[Round "2"]
[White "ckgchess"]
[Black "Mr_Sinigami"]
[Result "1-0"]
[WhiteElo "2710"]
[BlackElo "2375"]
[TimeControl "180+2"]
[EndTime "13:23:02 PDT"]
[Termination "ckgchess won by resignation"]

1. e4 c5 2. Nf3 e6 3. c3 Nf6 4. e5 Nd5 5. d4 cxd4 6. Qxd4 Nc6 7. Qe4 d6 8. Nbd2 dxe5 9. Nxe5 Nxe5 10. Qxe5 Qc7 11.
Bb5+ Bd7 12. Bxd7+ Qxd7 13. O-O Qc7 14. Qg5 Qf4 15. Nf3 Qxg5 16. Bxg5 h6 17. Bd2 f6 18. c4 Nb4 19. a3 Nd3 20. b4 Be7 21. Be3 Kf7 22.
Rfd1 Rhd8 23. Rd2 e5 24. Rad1 Nb2 25. Rxd8 Rxd8 26. Rxd8 Bxd8 27. Nd2 a6 28. Kf1 Ke6 29. Ke2 b5 30. c5 Kd5 31. f4 Bc7 32. fxe5 Bxe5 33.
h4 h5 34. Bf2 Bc3 35. Nb1 Be5 36. Nd2 Bc7 37. Nf1 Bf4 38. Kf3 Be5 39. Ne3+ Kc6 40.
Nf5 Nc4 41. Nxg7 Nxa3 42. Nf5 Nc2 43. g4 Kd7 44. gxh5 Ke6 45. h6 1-0

[Event "*** Titled Tuesday Blitz"]
[Site "Chess.com"]
[Date "2019.10.01"]
[Round "2"]
[White "BlueWizzard"]
[Black "Vlad_Lukiianchuk"]
[Result "0-1"]
[WhiteElo "2826"]
[BlackElo "2562"]
[TimeControl "180+2"]
[EndTime "13:23:03 PDT"]
[Termination "Vlad_Lukiianchuk won by resignation"]

1. e4 d6 2. d4 Nf6 3. f3 e5 4.
Ne2 Be7 5. Be3 c6 6. Qd2 Nbd7 7. c4 Qc7 8. Nbc3 h5 9. h4 a6 10. Rc1 Nf8 11. Ng3 g6 12. d5 Bd7 13. Be2 c5 14. a3 Qd8 15. Nf1 N6h7 16. Bf2 g5 17. b4 b6 18. hxg5 Bxg5 19. Be3 Bxe3 20. Qxe3 h4 21.
g3 hxg3 22. Nxg3 Ng6 23. Qh6 Qf6 24. Nh5 Qg5 25. Ng7+ Ke7 26. Kf2 Nf4 27. Qxg5+ Nxg5 28. Nf5+ Bxf5 29. exf5 Ngh3+ 30. Ke3 Rag8 31. Rh2 Rg2 32. Rch1 Rxh2 33. Rxh2 Rg8 34. Na4 b5 35. cxb5 Nxd5+ 36. Kd2 axb5 37. Bxb5 cxb4 38. Rxh3 bxa3 39. Bc4 Rg2+ 40.
Be2 Rxe2+ 41. Kxe2 Nf4+ 42. Kd2 Nxh3 43. Nc3 Ng5 44.
f4 exf4 45. Kc2 Kf6 46. Kb3 Kxf5 47. Kxa3 f3 48. Kb2 f2 49. Nd1 Ne4 50. Kc2 Kf4 0-1

[Event "*** Titled Tuesday Blitz"]
[Site "Chess.com"]
[Date "2019.10.01"]
[Round "2"]
[White "MaestroASK"]
[Black "Keranke"]
[Result "0-1"]
[WhiteElo "2506"]
[BlackElo "2794"]
[TimeControl "180+2"]
[EndTime "13:23:05 PDT"]
[Termination "Keranke won on time"]

1. g3 Nf6 2. Bg2 e5 3. d3 d5 4. e4 c6 5. c3 Bd6 6. Nd2 O-O 7. Nh3 Na6 8. f3 Nc5 9. Nf2 a5 10.
O-O Re8 11. Qc2 a4 12. Re1 b6 13. Bh3 Ba6 14. Bf1 Ne6 15. Be2 Qd7 16. Nf1 d4 17. c4 b5 18. b3 Bb4 19. Bd2 Bxd2 20. Nxd2 axb3 21. axb3 Qd6 22. Rec1 Bb7 23. c5 Qxc5 24.
Rxa8 Rxa8 25. Qxc5 Nxc5 26. Rxc5 Ra2 27. Rxe5 Rxd2 28.
Kf1 Kf8 29. f4 Nd7 30. Rh5 h6 31. Ke1 Rb2 32. Bd1 Ke7 33. Ng4 f6 34. e5 Bc8 35.
exf6+ Nxf6 36. Nxf6 Kxf6 37. Rc5 Bd7 38. h4 Ke7 39. h5 Kd6 40. Re5 Be6 41. Re2 Rb1 42.
Kd2 Bxb3 43. Bxb3 Rxb3 44. Re4 c5 45. Re8 Rb2+ 46. Kd1 Rg2 47. Rb8 Kc6 48. Rc8+ Kb6 49. Rb8+ Ka5 0-1

[Event "*** Titled Tuesday Blitz"]
[Site "Chess.com"]
[Date "2019.10.01"]
[Round "2"]
[White "akretchetov"]
[Black "gmcorrales"]
[Result "1-0"]
[WhiteElo "2370"]
[BlackElo "2746"]
[TimeControl "180+2"]
[EndTime "13:23:08 PDT"]
[Termination "akretchetov won by resignation"]

1. d4 g6 2. c4 Bg7 3. e4 d6 4. Nc3 Nf6 5. Nf3 O-O 6. h3 c6 7. Be2 e5 8. d5 cxd5 9. cxd5 Nbd7 10. O-O Nc5 11. Qc2 a5 12. Nd2 Bd7 13. a4 Rc8 14. Nc4 Qe7 15. Bg5 h6 16. Be3 Rc7 17. Ra3 Kh7 18. Qb1 Ra8 19. Rc1 Be8 20. g3 Bd7 21. Kh2 Bf8 22. Bf1 Ne8 23. Nb5 Rcc8 24. Nb6 Bxb5 25.
Bxb5 Nf6 26. Nxa8 Rxa8 27. Bxc5 dxc5 28. d6 Qxd6 29. Rd3 Qe7 30. Rcd1 b6 31. Qa2 Ra7 32. Qc4 h5 33. Rf3 h4 34. g4 Bh6 35. Kg2 Bf4 36. Rfd3 Kh6 37. Rd8 Kg5 38. R8d6 Qb7 39. f3 Qc7 40.
Rc6 Qb8 41. Rdd6 Ng8 42. Rxb6 Rb7 43. Qxc5 Rxb6 44. Qxb6 Qf8 45. Qc6 Ne7 46. Qc5 Qb8 47. Rd7 Ng8 48. Rxf7 Qd8 49. Rd7 Qf6 50. Rd6 Qf7 51.
Qc6 Ne7 52. Qd7 Qb3 53. Qxe7+ Kh6 54. Qf8+ Kh7 55. Rd7+ 1-0

[Event "*** Titled Tuesday Blitz"]
[Site "Chess.com"]
[Date "2019.10.01"]
[Round "2"]
[White "Orange_Ghost"]
[Black "morphinho22"]
[Result "1-0"]
[WhiteElo "2763"]
[BlackElo "2359"]
[TimeControl "180+2"]
[EndTime "13:23:09 PDT"]
[Termination "Orange_Ghost won by resignation"]

1. d4 Nf6 2. c4 g6 3. Nc3 Bg7 4. e4 d6 5. Be2 O-O 6. Be3 c5 7.
d5 b5 8. cxb5 a6 9. bxa6 Qa5 10.
Bd2 Bxa6 11. Nf3 Nbd7 12. O-O Rfb8 13. b3 Ng4 14. Na4 Qc7 15. Rc1 Nge5 16. Nxe5 Nxe5 17. Bc3 Qa7 18. f4 Bxe2 19. Qxe2 c4+ 20. Kh1 Nd3 21. Rb1 Bxc3 22. Nxc3 Qd4 23. Qd2 cxb3 24. axb3 Rb4 25. Rbd1 Rc8 26. Qxd3 Qxd3 27. Rxd3 Rxb3 28. Rc1 Rc4 29.
Kg1 Rxe4 30. Nxe4 Rxd3 31. Rc7 Kg7 32. Rxe7 Rd1+ 33. Kf2 Rxd5 34. Kf3 Kf8 35. Rd7 Rd3+ 36. Ke2 Rd4 37. Ke3 Rd1 38. Rxd6 Rh1 39. h3 Ke7 40.
Ra6 Rg1 41. Kf2 Rc1 42. Ng5 Rc2+ 43. Kg3 Rc3+ 44. Kh2 h6 45. Ra7+ Kf8 46. Nxf7 h5 47.
Ne5 1-0

[Event "*** Titled Tuesday Blitz"]
[Site "Chess.com"]
[Date "2019.10.01"]
[Round "2"]
[White "GremioPrudente"]
[Black "dlp300"]
[Result "0-1"]
[WhiteElo "2269"]
[BlackElo "2517"]
[TimeControl "180+2"]
[EndTime "13:23:11 PDT"]
[Termination "dlp300 won on time"]

1. Nf3 Nf6 2. c4 g6 3. d4 Bg7 4. Nc3 d5 5. cxd5 Nxd5 6. e4 Nxc3 7. bxc3 O-O 8. Be2 c5 9. Rb1 Nc6 10. Be3 Qc7 11. O-O Bg4 12. dxc5 Rfd8 13. Qc2 Rab8 14. h3 Bxf3 15. Bxf3 Ne5 16. Be2 Nd7 17. Qa4 a6 18. c6 bxc6 19. Bxa6 Bxc3 20. Rbc1 Bf6 21.
Rxc6 Qe5 22. Rd1 Qb2 23. Rcc1 Ne5 24. Rxd8+ Rxd8 25. Qb3 Qxb3 26. axb3 Rb8 27. f4 Nd7 28. Bc4 e6 29. e5 Be7 30. Rd1 Nc5 31. Bxc5 Bxc5+ 32. Kf1 h5 33. Rd2 Be3 34. Ra2 Bxf4 35. Re2 Ra8 36.
Kf2 Ra5 37. Kf3 Bxe5 38. b4 Ra3+ 39. Re3 Rxe3+ 40. Kxe3 Kg7 41. Ke4 Bb8 42. b5 f5+ 43. Kd4 Kf6 44. Kc5 e5 45. Kc6 e4 46. Kb7 Bg3 47.
b6 g5 48. Kc6 Ke5 49. Kc7 Kd4+ 50. Kc8 Kxc4 51. b7 e3 0-1

[Event "*** Titled Tuesday Blitz"]
[Site "Chess.com"]
[Date "2019.10.01"]
[Round "2"]
[White "gui_borba"]
[Black "SCIM"]
[Result "1/2-1/2"]
[WhiteElo "2273"]
[BlackElo "2498"]
[TimeControl "180+2"]
[EndTime "13:23:12 PDT"]
[Termination "Game drawn by repetition"]

1. e4 c5 2. Nf3 e6 3. d4 cxd4 4.
Nxd4 Nc6 5. Nxc6 bxc6 6. Bd3 d5 7. O-O Nf6 8. Nd2 Bd6 9. Qe2 Qc7 10. Nf3 dxe4 11. Bxe4 Nxe4 12. Qxe4 O-O 13. Rd1 Be7 14. b3 Bf6 15. Bf4 Qb6 16. Be5 Bxe5 17. Nxe5 a5 18. Qxc6 Qxc6 19. Nxc6 Bb7 20. Ne5 f6 21. Nc4 Be4 22. Rd2 a4 23. Nb6 Rad8 24. Rad1 Rxd2 25.
Rxd2 axb3 26. axb3 e5 27. f3 Bf5 28. c4 Be6 29. Rd6 Kf7 30. b4 Rb8 31. c5 Ke7 32.
Rc6 Rb7 33. Kf2 f5 34. Ke3 g5 35. Kd3 h5 36. Kc3 g4 37. Nc4 gxf3 38. gxf3 Ra7 39. Nxe5 Ra3+ 40. Kd4 Ra2 41. b5 Rxh2 42. b6 Rb2 43.
Rc7+ Kf6 44. b7 Rb4+ 45. Kc3 Rb3+ 46. Kd4 Rb4+ 47. Kc3 Rb3+ 48. Kd4 Rb4+ 1/2-1/2

[Event "*** Titled Tuesday Blitz"]
[Site "Chess.com"]
[Date "2019.10.01"]
[Round "2"]
[White "Misha_Bilous"]
[Black "oskariot"]
[Result "1-0"]
[WhiteElo "2522"]
[BlackElo "2727"]
[TimeControl "180+2"]
[EndTime "13:23:14 PDT"]
[Termination "Misha_Bilous won by resignation"]

1. d4 Nf6 2. c4 c5 3. d5 b5 4.
cxb5 a6 5. bxa6 g6 6. Nc3 Bxa6 7.
e4 Bxf1 8. Kxf1 d6 9. Nf3 Bg7 10.
g3 O-O 11. Kg2 Nbd7 12. a4 Qa5 13. Qe2 Qb4 14. Bd2 Rfb8 15. Rab1 Qb3 16. Bg5 Nb6 17.
e5 Nfxd5 18. Rhd1 Nxc3 19. bxc3 Qxc3 20. exd6 exd6 21. Rxd6 Re8 22. Qb5 Nc4 23. Rd7 Na3 24. Qb3 Qxb3 25. Rxb3 Rxa4 26. Rbb7 Rb4 27. Rxf7 Rxb7 28.
Rxb7 Rc8 29. Bc1 Nc4 30. Nd2 Nd6 31. Rd7 Nb5 32. Nc4 Nc3 33. Be3 Na4 34. Rd5 Bf8 35.
Rd7 Rc6 36. Ra7 Nc3 37. Ra8 Kg7 38. Ne5 Rc7 39. Bc1 Nd1 40. Rd8 Re7 41. Rxd1 Rxe5 42.
Bb2 Kf6 43. f4 1-0